 Dungeon Crawl Stone Soup version 0.18-a0-1689-g473dde0 (webtiles) character file.

583 Eucla the Charlatan (level 7, -4/62 HPs)
             Began as a Deep Dwarf Artificer on Apr 5, 2016.
             Slain by a mummy (10 damage)
             ... in an ossuary.
             The game lasted 00:07:19 (3722 turns).

Eucla the Charlatan (Deep Dwarf Artificer)          Turns: 3722, Time: 00:07:19

Health: -4/62      AC:  7    Str: 16    XL:     7   Next: 14%
Magic:  9/9        EV: 12    Int: 12    God:
Gold:   129        SH:  0    Dex: 14    Spells: 0 memorised, 6 levels left

rFire  . . .     SeeInvis .     f - +0 hand axe
rCold  . . .     Gourm    .     t - +0 ring mail
rNeg   . . .     Faith    .     (no shield)
rPois  .         Spirit   .     (no helmet)
rElec  .         Dismiss  .     q - +0 cloak
rCorr  .         Reflect  .     (no gloves)
SustAt .         Harm     .     (no boots)
MR     +....                    (no amulet)
Stlth  ..........               (no ring)
                                s - ring of loudness (curse)

@: non-regenerating, somewhat resistant to hostile enchantments, extremely
unstealthy
A: damage resistance, recharge devices, sense surroundings 1, slow regeneration
3
a: Device Recharging


You were in an ossuary.
You were not hungry.

You visited 1 branch of the dungeon, and saw 4 of its levels.
You also visited: Ossuary.

You collected 129 gold pieces.

Inventory:

Hand Weapons
 a - a +0 short sword
 f - a +0 hand axe (weapon)
 k - a +2 dagger of protection
Armour
 b - a +0 leather armour
 q - a +0 cloak (worn)
 t - a +0 ring mail (worn)
Jewellery
 s - a cursed ring of loudness (left hand)
 y - an uncursed ring of poison resistance {unknown}
Wands
 c - a wand of flame (15/48)
 d - a wand of enslavement (15/24)
 e - a wand of random effects (3/48)
 V - a wand of heal wounds (4/9)
Scrolls
 h - 4 scrolls of teleportation {unknown}
 l - 5 scrolls of remove curse {unknown}
 m - 7 scrolls of identify {unknown}
 r - a scroll of fog {unknown}
 w - 2 scrolls of enchant armour {unknown}
 x - a scroll of amnesia {unknown}
 C - 2 scrolls of blinking {unknown}
 E - a scroll of silence {unknown}
 F - a scroll of recharging {unknown}
Potions
 i - 3 potions of lignification {unknown}
 j - 4 potions of heal wounds {unknown}
 n - 2 potions of resistance {unknown}
 p - 3 potions of agility {unknown}
 u - 3 potions of flight {unknown}
 v - 3 potions of might {unknown}
 z - a potion of brilliance {unknown}
 A - 2 potions of cure mutation {unknown}
 B - 2 potions of curing {unknown}
 D - a potion of ambrosia {unknown}
Comestibles
 g - 4 bread rations
 o - a meat ration


   Skills:
 + Level 3.2 Fighting
 - Level 0.8 Short Blades
 * Level 3.4 Axes
 + Level 3.8 Armour
 - Level 3.6 Dodging
 - Level 1.2 Stealth
 + Level 6.1 Evocations


You had 6 spell levels left.
You didn't know any spells.

Dungeon Overview and Level Annotations

Branches:
Dungeon (4/15)
 Temple: D:4-7

Altars:
Kikubaaqudgha


Innate Abilities, Weirdness & Mutations

You are resistant to damage.
You can recharge devices by infusing magical energy.
You passively map a small area around you.
You do not regenerate naturally.


Message History

The mummy is heavily damaged.
The mummy hits you!
* * * LOW HITPOINT WARNING * * *
You are too injured to fight recklessly!
You hit the mummy but do no damage.
The mummy is heavily damaged.
The mummy barely misses you.
Unknown command.
You barely miss the mummy.
The mummy is heavily damaged.
Unknown command.
You hit the mummy.
The mummy is heavily damaged.
The mummy hits you!
* * * LOW HITPOINT WARNING * * *
Unknown command.
You hit the mummy.
The mummy is almost destroyed.
The mummy hits you!
You die...

,
##...###.###..
**,
+.....'...'...
* *
##...+######..
##'##, * ##' *
##.# * ##..
,#######..#
##..# ,
,+...^'..##
#+..##
###.#####
#..## #M@##
##'## *, ####
* *#...+ * ,
+...+ *** ,* *
#...#* , ##'##
, + #.#### * *
* #.^'..
#####. ##


You could see a mummy.

Vanquished Creatures
  Grinder (D:3)
  A jelly (D:3)
  Ijyb (D:3)
  Natasha (twice) (D:2)
  A worker ant (D:3)
  7 mummies
  8 adders
  An ooze (D:2)
  A worm (D:3)
  6 dart slugs
  2 giant geckos
  An orc (D:3)
  11 giant cockroaches
  14 goblins
  13 hobgoblins
  6 kobolds
  A ball python (D:3)
  5 bats
  4 giant newts
  A gnoll skeleton (Ossuary)
  2 kobold skeletons (Ossuary)
  2 orc skeletons (Ossuary)
  5 rats
  11 rat skeletons (Ossuary)
107 creatures vanquished.

Notes
Turn   | Place    | Note
--------------------------------------------------------------
     0 | D:1      | Eucla the Deep Dwarf Artificer began the quest for the Orb.
     0 | D:1      | Reached XP level 1. HP: 16/16 MP: 3/3
    48 | D:1      | Reached skill level 1 in Fighting
    60 | D:1      | Reached XP level 2. HP: 15/25 MP: 5/5
    64 | D:1      | Reached skill level 1 in Armour
   257 | D:1      | Reached XP level 3. HP: 10/31 MP: 6/6
   979 | D:2      | Noticed Natasha
   990 | D:2      | Killed Natasha
   990 | D:2      | Reached XP level 4. HP: 22/39 MP: 7/7
  1034 | D:2      | Noticed Natasha
  1057 | D:2      | Killed Natasha
  1307 | D:2      | Reached skill level 5 in Evocations
  1580 | D:2      | Found an ancient bone altar of Kikubaaqudgha.
  1862 | D:3      | Reached XP level 5. HP: 40/45 MP: 8/8
  1957 | D:3      | Noticed Ijyb
  1976 | D:3      | Killed Ijyb
  2193 | D:3      | Noticed Grinder
  2679 | D:3      | Paralysed by Grinder for 7 turns
  2689 | D:3      | Reached skill level 1 in Axes
  2713 | D:3      | Killed Grinder
  2713 | D:3      | Reached XP level 6. HP: 44/56 MP: 10/10
  3091 | D:3      | Reached skill level 6 in Evocations
  3491 | D:4      | Found a sand-covered staircase.
  3506 | Ossuary  | Entered an ossuary
  3527 | Ossuary  | Reached XP level 7. HP: 13/62 MP: 11/11
  3722 | Ossuary  | Slain by a mummy

Vault maps used:
D:1:      eino_arrival_water_star, feat_on_display
D:2:      kiku_gazebo_pond_becter, uniq_natasha
D:3:      serial_co_window_serial, co_window_corner_a, co_window_corner_a,
          co_window_paths_a, co_window_corner_a, co_window_corner_a,
          co_window_unsneaky_path_b, co_window_broadway_c, co_window_corner_ca,
          co_window_corner_ca, co_window_corner_cb, co_window_corner_ca,
          first_bread, minivault_4, uniq_iyjb, uniq_grinder
D:4:      grunt_temple_overflow_champion_of_chaos, minmay_temple_entry_fiery,
          gup_ossuary_entry_pyramid
Ossuary:  ossuary_due_small_catacomb

Skill      XL: |  1  2  3  4  5  6  7 |
---------------+----------------------+-----
Fighting       | 1 2 3 |  3.2
Armour         | 1 2 3 |  3.8
Dodging        | 3 |  3.6
Evocations     | 5 6 |  6.1
Axes           | 2 3 |  3.4
Short Blades   | |  0.8
Stealth        | |  1.2

Action                   |  1- 3 |  4- 6 |  7- 9 || total
-------------------------+-------+-------+-------++-------
Melee: Short sword       |    23 |       |       ||    23
       Dagger            |   123 |   140 |       ||   263
       Hand axe          |       |   131 |    89 ||   220
 Abil: Device Recharging |       |       |     2 ||     2
Evoke: Wand              |     1 |    16 |     3 ||    20
 Stab: Sleeping          |     2 |     1 |       ||     3
       Distracted        |     1 |       |       ||     1
       Confused          |       |     2 |       ||     2
       Paralysed         |       |     2 |       ||     2
  Eat: Chunk             |       |     2 |       ||     2
       Meat ration       |       |     1 |     1 ||     2
       Pizza             |       |     1 |       ||     1
